 Dungeon Crawl Stone Soup version 0.28.0-53-g5a82cb258f (webtiles) character file.

Game seed: 12412345249547393915

35 jottpe the Skirmisher (level 3, 0/34 HPs)
             Began as a Hill Orc Abyssal Knight on Aug 17, 2022.
             Was a Believer of Lugonu.
             Slain by a rat (2 damage)
             ... on level 2 of the Dungeon.
             The game lasted 00:03:07 (1432 turns).

jottpe the Skirmisher (Hill Orc Abyssal Knight)     Turns: 1432, Time: 00:03:08

Health: 0/34       AC:  5    Str: 17    XL:     3   Next: 33%
Magic:  4/4        EV: 10    Int: 10    God:    Lugonu [**....]
Gold:   69         SH:  0    Dex: 11    Spells: 2/2 levels left

rFire   . . .      SeeInvis .   a - +1 mace
rCold   . . .      Faith    .   (no shield)
rNeg    . . .      Spirit   .   e - +0 ring mail
rPois   .          Reflect  .   (no helmet)
rElec   .          Harm     .   (no cloak)
rCorr   .          Rampage  .   (no gloves)
Will    .....                   (no boots)
Stlth   +.........              (no amulet)
HPRegen 0.11/turn               (no ring)
MPRegen 0.09/turn               (no ring)

@: lethally poisoned (0 -> -3)
A: no striking features
a: Renounce Religion, Depart the Abyss, Bend Space


You were on level 2 of the Dungeon.
You worshipped Lugonu.
Lugonu was pleased with you.
You visited 1 branch of the dungeon, and saw 2 of its levels.
You visited the Abyss 1 time.

You collected 69 gold pieces.

Inventory:

Hand Weapons
 a - a +1 mace (weapon)
Missiles
 d - 17 arrows
Armour
 b - a +0 leather armour
 e - a +0 ring mail (worn)
Potions
 c - 2 potions of heal wounds {unknown}


   Skills:
 + Level 4.5 Fighting
 + Level 2.5 Maces & Flails
 + Level 2.6 Armour
 + Level 1.0 Dodging
 + Level 2.5 Invocations


You had 2 spell levels left.
You didn't know any spells.
Your spell library was empty.

Dungeon Overview and Level Annotations

Branches:
Dungeon (2/15)

Altars:


Message History

The adder is severely wounded.
You feel sick. The adder bites you. The rat bites you but does no damage.
The adder bites you but does no damage.
You miss the adder.
The adder is severely wounded.
You feel sick. The adder bites you but does no damage.
The rat twitches its whiskers.
The rat bites you but does no damage.
You closely miss the adder.
The adder is severely wounded.
You feel sick. The adder bites you. The rat bites you but does no damage.
The adder barely misses you. The rat misses you.
You barely miss the adder.
The adder is severely wounded.
You feel sick.
You are no longer poisoned.
The adder bites you. The rat bites you.
* * * LOW HITPOINT WARNING * * *
You closely miss the adder.
The adder is severely wounded.
The adder bites you.
* * * LOW HITPOINT WARNING * * *
The rat barely misses you. The adder closely misses you.
You miss the adder.
The adder is severely wounded.
The adder barely misses you. The rat bites you.
* * * LOW HITPOINT WARNING * * *
The adder barely misses you.
You closely miss the adder.
The adder is severely wounded.
The rat closely misses you. The adder bites you.
* * * LOW HITPOINT WARNING * * *
You are lethally poisoned!
The adder poisons you! The rat closely misses you.
You barely miss the adder.
The adder is severely wounded.
* * * LOW HITPOINT WARNING * * *
You feel sick. The adder bites you but does no damage.
The adder barely misses you. The rat bites you.
You die...

# #..#### .# # #.
#.....##.#$#
##.###..##......# ...
.............#### ...
....< #)....##..# ...#
......#.##...##.# ....#
.......g###...†.###....#
.......gr##.#.#..#..)...
.....###S@#.#.##......#.
....) ##................
###. .......<.÷.#..####
# #.#.#.##.....#.># ..
...........# .# ##
...............#
.........#.......
.#........###....##
....... ......#


You could see an adder, 2 goblins and a rat.

Vanquished Creatures
  An adder (D:2)
  3 endoplasms
  A giant cockroach (D:1)
  2 goblins (D:1)
  6 hobgoblins
  A kobold (D:1)
  A quokka (D:2)
  3 ball pythons (D:1)
  A bat (D:1)
  3 rats (D:1)
22 creatures vanquished.

Vanquished Creatures (others)
  3 plants (D:1)
3 creatures vanquished.

Grand Total: 25 creatures vanquished

Notes
Turn   | Place    | Note
-------+----------+-------------------------------------------
     0 | Abyss:1  | jottpe the Hill Orc Abyssal Knight began the quest for the
                  | Orb.
     0 | Abyss:1  | Reached XP level 1. HP: 19/19 MP: 2/2
    31 | Abyss:1  | Found an ornate altar of the Wu Jian Council.
    54 | D:1      | Escaped the Abyss
   206 | D:1      | Reached skill level 4 in Fighting
   286 | D:1      | Reached XP level 2. HP: 22/27 MP: 3/3
  1048 | D:1      | Found a faded altar of an unknown god.
  1189 | D:2      | Reached skill level 1 in Dodging
  1246 | D:2      | Reached ** piety under Lugonu
  1247 | D:2      | Reached XP level 3. HP: 16/34 MP: 4/4
  1432 | D:2      | Slain by a rat

Illustrated notes

Levels and vault maps discovered:
D:1:      heliophobic_arrival_enchanted_forest, layout_loops_corners,
          shapermc_ecumenical_altar_mp_ritualfount
D:2:      layout_rooms, serial_shops, shop, hangedman_decor_riveting,
          minmay_hexomino_u4

Skill      XL: |  1  2 |
---------------+-------+-----
Fighting       | 4 |  4.5
Dodging        | 1 |  1.0
Maces & Flails | |  2.5
Armour         | |  2.6
Invocations    | |  2.5

Action                   || total
-------------------------++-------
Melee: Mace              ||    78
Armor: Leather armour    ||    18
       Ring mail         ||    13
Dodge: Dodged            ||    60
